Map: [ESL] Ancient Cistern

Players

Kelazhur

  • Race: Terran Terran
  • Spawn Location: 7:00

Scarlett - Winner!

  • Race: Zerg Zerg
  • Spawn Location: 1:00

Event: ESL SC2 Masters 2023 Summer (Regionals)

VOD

Have the link to the VOD?

Description

Time

  • Played on: May 20, 2023, 2:47 p.m.
  • Length: 9:35

All games in this series

Show
View Real Time Build Order
Export as new Build Order

Kelazhur Terran 

Build Orders: 2 Factory, Reaper Expand, Mech 

Get SALT Encoding   

  12  0:00  SCV  
  13  0:12  SCV  
  14  0:17  Supply Depot  
  14  0:24  SCV  
  15  0:38  SCV  
  15  0:39  Barracks  
  16  0:42  Refinery  
  16  0:50  SCV  
  17  1:02  SCV  
  18  1:14  SCV  
  19  1:26  Reaper  
  19  1:27  Orbital Command  
  20  1:39  Command Center  
  20  1:47  Supply Depot  
  20  1:52  SCV  
  21  1:58  Marine  
  22  2:03  Factory  
  22  2:05  SCV  
  23  2:10  Refinery  
  23  2:17  SCV  
  23  2:20  Barracks Reactor  
  24  2:29  SCV  
  25  2:41  SCV  
  26  2:50  Factory  
  27  2:52  Orbital Command  
  27  2:54  SCV  
  27  3:01  Hellion x2  
  31  3:06  SCV  
  31  3:09  Barracks Tech Lab  
  32  3:17  SCV  
  33  3:22  SCV  
  33  3:25  Starport, Hellion x2  
  38  3:30  SCV  
  39  3:34  SCV  
  39  3:39  Supply Depot  
  40  3:41  Infernal Pre-Igniter, Hellion  
  40  3:43  SCV  
  40  3:47  SCV  
  44  3:50  Marine  
  46  3:55  SCV  
  46  4:00  SCV  
  46  4:01  Hellion x2  
  46  4:02  Supply Depot  
  51  4:06  Hellion  
  53  4:10  SCV  
  53  4:11  Fusion Core  
  53  4:13  Supply Depot  
  54  4:22  Starport Tech Lab  
  54  4:23  SCV x2  
  54  4:24  Hellion  
  58  4:27  Hellion  
  60  4:32  Supply Depot  
  60  4:34  Hellion  
  60  4:35  SCV  
  60  4:36  SCV  
  64  4:39  Supply Depot  
  64  4:48  SCV x2  
  66  4:53  Hellion x2  
  66  4:59  Battlecruiser  
  76  5:00  SCV  
  76  5:01  SCV  
  78  5:09  Supply Depot, Hellion  
  76  5:16  SCV  
  76  5:17  SCV  
  76  5:20  Hellion x2  
  73  5:28  SCV  
  70  5:29  SCV  
  70  5:32  Refinery  
  70  5:33  Refinery  
  67  5:37  Command Center  
  67  5:39  Siege Tank  
  67  5:40  SCV  
  67  5:41  SCV  
  72  5:44  Hellion  
  72  5:45  Hellion  
  76  5:52  SCV, Weapon Refit  
  76  5:54  SCV  
  74  6:04  SCV  
  74  6:06  SCV  
  74  6:09  Hellion x2  
  76  6:15  Siege Tank  
  76  6:16  SCV  
  76  6:18  SCV  
  81  6:28  SCV  
  81  6:30  SCV  
  83  6:33  Supply Depot, Battlecruiser  
  85  6:40  SCV  
  85  6:42  SCV  
  85  6:43  Hellion x2  
  87  6:52  SCV  
  88  6:54  SCV  
  88  6:55  Siege Tank, Refinery  
  88  6:59  Refinery, Factory  
  92  7:01  Supply Depot  
  92  7:02  Engineering Bay  
  92  7:04  SCV  
  92  7:06  SCV, Hellion x2  
  98  7:09  Orbital Command  
  98  7:13  Supply Depot  
  98  7:14  Supply Depot  
  98  7:17  SCV  
  98  7:18  SCV  
  100  7:29  SCV, Siege Tank  
  104  7:30  SCV  
  104  7:31  Factory  
  104  7:32  Factory  
  105  7:38  SCV  
  105  7:40  Armory x2  
  105  7:41  SCV, Supply Depot  
  105  7:42  SCV  
  105  7:43  Supply Depot  
  108  7:47  Hellion  
  108  7:48  Hellion, Factory Tech Lab  
  108  7:50  SCV  
  113  7:53  SCV  
  113  7:55  SCV  
  115  8:02  SCV  
  119  8:07  Command Center  
  119  8:10  Hellion  
  121  8:13  Supply Depot  
  121  8:22  Factory Reactor, Factory Tech Lab  
  121  8:24  Hellion  
  121  8:26  Supply Depot  
  126  8:27  Supply Depot  
  126  8:29  Supply Depot  
  126  8:32  Hellion  
  134  8:47  SCV x3  
  140  8:50  Missile Turret x2  
  140  8:52  Missile Turret  
  140  8:53  Cyclone x3  
  131  8:59  SCV  
  131  9:00  Hellion x2  
  131  9:08  Missile Turret  
  109  9:12  SCV  
  109  9:14  Missile Turret  
  102  9:21  SCV x2  
Show
View Real Time Build Order
Export as new Build Order

Scarlett Zerg - Winner!

Build Orders: Hatch First 

Get SALT Encoding   

  12  0:00  Drone  
  13  0:12  Overlord  
  13  0:17  Drone  
  14  0:30  Drone x2  
  16  0:46  Hatchery  
  15  0:51  Drone  
  15  0:54  Drone  
  17  0:57  Drone  
  18  1:08  Extractor  
  17  1:13  Spawning Pool  
  17  1:15  Drone  
  17  1:19  Drone  
  18  1:27  Drone  
  19  1:39  Drone  
  20  1:49  Drone  
  21  1:59  Queen x2  
  21  2:00  Zergling x4  
  27  2:10  Drone  
  27  2:12  Overlord  
  28  2:20  Hatchery  
  27  2:27  Metabolic Boost  
  27  2:29  Drone  
  28  2:33  Drone x2  
  29  2:41  Queen  
  29  2:44  Drone  
  32  2:48  Overlord  
  32  2:51  Drone  
  32  2:54  Drone  
  34  2:58  Drone  
  35  3:06  Drone x4  
  35  3:08  Drone  
  35  3:12  Queen  
  42  3:16  Overlord  
  42  3:22  Drone  
  43  3:27  Overlord  
  43  3:31  Queen  
  43  3:32  Queen  
  47  3:35  Drone x2  
  49  3:45  Drone x5  
  54  3:49  Zergling x4  
  61  3:55  Drone x5  
  61  4:01  Overlord  
  61  4:06  Overlord  
  61  4:07  Queen  
  63  4:10  Overlord  
  63  4:17  Roach Warren  
  63  4:21  Drone x3  
  65  4:25  Zergling x10  
  65  4:28  Overlord  
  70  4:32  Overlord  
  70  4:34  Drone x3  
  70  4:38  Lair  
  73  4:39  Queen  
  75  4:45  Overlord  
  75  4:51  Drone x6  
  81  4:57  Roach x3, Extractor  
  81  4:58  Extractor  
  87  5:00  Roach x2  
  89  5:13  Drone x6  
  86  5:22  Drone x4  
  86  5:32  Drone x3  
  86  5:33  Hatchery  
  87  5:36  Drone  
  87  5:41  Drone, Extractor  
  87  5:42  Extractor  
  87  5:45  Glial Reconstitution, Evolution Chamber  
  87  5:46  Extractor  
  87  5:48  Drone x3  
  88  5:50  Overseer  
  88  5:55  Evolution Chamber x2  
  86  6:01  Drone x4  
  84  6:10  Drone x9  
  92  6:20  Queen x3  
  92  6:21  Drone  
  92  6:22  Drone x3, Spore Crawler  
  98  6:30  Spire  
  98  6:31  Drone x2  
  98  6:38  Drone  
  98  6:39  Drone x2  
  99  6:43  Drone x2  
  99  6:46  Drone x2  
  102  6:55  Drone x7  
  102  7:00  Spore Crawler  
  102  7:01  Drone x3  
  111  7:04  Drone  
  111  7:06  Overlord x2  
  112  7:10  Overlord x2  
  112  7:13  Zerg Missile Weapons Level 1  
  112  7:26  Drone x7  
  112  7:28  Roach  
  121  7:31  Drone x8  
  121  7:32  Extractor x2  
  121  7:33  Spore Crawler  
  121  7:35  Roach x3  
  132  7:40  Overlord  
  132  7:42  Overlord x4  
  130  8:05  Mutalisk x14  
  132  8:09  Mutalisk  
  160  8:13  Queen  
  160  8:16  Hatchery  
  160  8:19  Overlord x2  
  159  8:22  Overlord x2  
  159  8:28  Drone  
  160  8:35  Roach x8  
  176  8:46  Roach x11  
  198  8:59  Roach  
  186  9:25  Infestation Pit, Hatchery  
Tags
 
Add a new tag
Caveats
  • Supply blocks, unpowered buildings, or Contaminate may cause inaccurate times.
  • Supply counts are checked every 10 seconds.